 Dungeon Crawl Stone Soup version 0.27.0-1-g7a08968 (webtiles) character file.

Game seed: 17767997868426071422

270 Host24 the Bolt Thrower (level 6, 0/38 HPs)
             Began as a Kobold Hunter on Jan 25, 2022.
             Killed by nerve-wracking pain
             ... invoked by an orc priest
              (13 damage)
             ... on level 4 of the Dungeon.
             The game lasted 00:11:42 (6134 turns).

Host24 the Bolt Thrower (Kobold Hunter)             Turns: 6134, Time: 00:11:42

Health: 0/38       AC:  4    Str: 11    XL:     6   Next: 47%
Magic:  6/6        EV: 16    Int: 12    God:
Gold:   202        SH:  0    Dex: 16    Spells: 5/5 levels left

rFire    . . .     SeeInvis .   a - +1 hand crossbow
rCold    . . .     Faith    .   (shield restricted)
rNeg     . . .     Spirit   .   c - +0 leather armour
rPois    .         Reflect  .   o - +0 helmet
rElec    .         Harm     .   r - scarf {+Inv}
rCorr    .         Rampage  .   (no gloves)
Will     .....                  (no boots)
Stlth    +++.......             (no amulet)
HPRegen  0.12/turn              (no ring)
MPRegen  0.10/turn              (no ring)

@: no status effects
A: small, no large weapons, nightstalker 3
a: Evoke Invisibility


You were on level 4 of the Dungeon.
You visited 1 branch of the dungeon, and saw 4 of its levels.

You collected 202 gold pieces.

Inventory:

Hand Weapons
 a - a +1 hand crossbow (weapon)
 b - a +0 short sword
Missiles
 d - 24 bolts (quivered ammo)
 s - 3 poisoned darts
 t - 2 boomerangs
Armour
 c - a +0 leather armour (worn)
 o - a +0 helmet (worn)
 r - a scarf of invisibility (worn)
Wands
 w - a wand of paralysis (9)
Scrolls
 g - a scroll of holy word {unknown}
 h - 3 scrolls of teleportation {unknown}
 i - 5 scrolls of identify {unknown}
 l - 2 scrolls of enchant armour {unknown}
 q - a scroll of vulnerability {unknown}
 y - a scroll of noise {unknown}
Potions
 e - a potion of flight {unknown}
 f - 2 potions of lignification {unknown}
 j - 2 potions of curing {unknown}
 k - a potion of haste {unknown}
 m - a potion of attraction {unknown}
 n - a potion of degeneration {unknown}
 p - 2 potions of ambrosia {unknown}
 u - a potion of mutation {unknown}
 v - a potion of might {unknown}
 x - a potion of berserk rage {unknown}
 z - a potion of magic {unknown}


   Skills:
 + Level 3.9 Fighting
 - Level 6.0 Crossbows
 - Level 5.4 Dodging
 - Level 2.0 Stealth


You had 5 spell levels left.
You didn't know any spells.
Your spell library contained the following spells:

 Spells                   Type           Power      Damage    Failure   Level
 Stone Arrow              Conj/Erth      0%         3d7       78%         3
 Bolt of Magma            Conj/Fire/Erth 0%         4d4       100%        5
 Shatter                  Erth           0%         3d5*      100%        9


Dungeon Overview and Level Annotations

Branches:
Dungeon (4/15)
 Temple: D:4-7

Altars:
Okawaru

Shops:
D:2 (   D:4 =


Innate Abilities, Weirdness & Mutations

You are small and have problems with some larger weapons.
You are completely attuned to the shadows.


Message History

Fire: 30 bolts
Press: ? - help, Q - select action, (/) - cycle Shift-Dir - straight line, f/p - orc priest
Aim: an orc priest, wielding a +0 whip (68% to hit)
You shoot a bolt. The bolt hits the orc.
You kill the orc!
Unknown command.
Fire: 29 bolts
Press: ? - help, Q - select action, (/) - cycle Shift-Dir - straight line, f/p - orc priest
Aim: an orc priest, wielding a +0 whip (68% to hit)
You shoot a bolt. The bolt hits the orc priest.
The orc priest is moderately wounded.
The orc priest misses you. x2
Fire: 28 bolts
Press: ? - help, Q - select action, (/) - cycle Shift-Dir - straight line, f/p - orc priest
Aim: an orc priest, wielding a +0 whip (moderately wounded, 68% to hit)
You shoot a bolt. The bolt hits the orc priest!
The orc priest is almost dead.
An orc priest comes into view. It is wielding a +0 flail.
The orc priest calls down the wrath of Beogh upon you.
Beogh smites you!
The orc priest shouts!
Fire: 27 bolts
Press: ? - help, Q - select action, (/) - cycle Shift-Dir - straight line, f - orc priest, p - orc priest
Aim: an orc priest, wielding a +0 flail (68% to hit)
You shoot a bolt. The bolt hits the orc priest.
You kill the orc priest!
Fire: 26 bolts
Press: ? - help, Q - select action, (/) - cycle Shift-Dir - straight line, f/p - orc priest
Aim: an orc priest, wielding a +0 flail (68% to hit)
You shoot a bolt. The bolt barely misses the orc priest.
Fire: 25 bolts
Press: ? - help, Q - select action, (/) - cycle Shift-Dir - straight line, f/p - orc priest
Aim: an orc priest, wielding a +0 flail (68% to hit)
You shoot a bolt. The bolt hits the orc priest!
The orc priest is severely wounded.
The orc priest calls down the wrath of Beogh upon you.
Beogh smites you!
The orc priest calls down the wrath of Beogh upon you.
Pain shoots through your body!
You die...

......... .##....#
##. ..[.#####
.......# #. ###.#
####.### #. ###.# #.#
##' ....# #.# ##..
.#### #.## ##... ...#
#..## ##.... ..∩####.
#########...####.....
...'....
..o)@..........+...<.
...####.
#########...####.....
..## #.÷## ##.... .##
#.## ##... ## #.####
##.. # #....# ##'
####.# #. #.#######.
##.#.......


You could see an orc priest.

Vanquished Creatures
  A water moccasin skeleton (D:4)
  An orc priest (D:4)
  Ijyb (D:4)
  A howler monkey skeleton (D:4)
  8 adders
  An adder skeleton (D:4)
  A worm (D:2)
  4 orcs (D:4)
  5 bats (D:1)
  5 endoplasms
  A giant cockroach (D:1)
  3 goblins
  5 hobgoblins
  8 jackals
  7 quokkas
  5 ball pythons
  4 frilled lizards
  9 kobolds
  4 rats
74 creatures vanquished.

Notes
Turn   | Place    | Note
-------+----------+-------------------------------------------
     0 | D:1      | Host24 the Kobold Hunter began the quest for the Orb.
     0 | D:1      | Reached XP level 1. HP: 12/12 MP: 1/1
    35 | D:1      | You fall into a shaft and drop 1 floor!
   161 | D:1      | Reached skill level 5 in Crossbows
   424 | D:1      | Reached XP level 2. HP: 3/17 MP: 2/2
  1228 | D:1      | Reached XP level 3. HP: 14/22 MP: 3/3
  2086 | D:2      | Reached skill level 6 in Crossbows
  2208 | D:2      | Reached XP level 4. HP: 27/27 MP: 4/4
  2321 | D:2      | Found Gakhas's Antique Weapon Boutique.
  3348 | D:3      | Reached XP level 5. HP: 9/31 MP: 5/5
  4626 | D:3      | Found a faded altar of an unknown god.
  4964 | D:4      | Reached skill level 5 in Dodging
  5100 | D:4      | Found Woxozyime's Jewellery Emporium.
  5195 | D:4      | Noticed Ijyb
  5206 | D:4      | Killed Ijyb
  5207 | D:4      | Reached XP level 6. HP: 37/37 MP: 6/6
  5406 | D:4      | Found an iron altar of Okawaru.
  6134 | D:4      | Killed from afar by an orc priest

Illustrated notes

Levels and vault maps discovered:
D:1:      scummos_arrival_simple_fountains, layout_loops_ring,
          chequers_serial_rivers_small_3, minivault_23, st_stairs_7,
          amcnicky_mini_corridor_feature
D:2:      layout_basic, serial_shops, nicolae_shop_crystal, minmay_misc_feat_chi
D:3:      layout_basic, shapermc_ecumenical_altar_acropolis
D:4:      layout_loops_corners, okawaru_metal_pillars_1_2, serial_shops, shop,
          columned_hall_lemuel, uniq_ijyb

Skill      XL: |  1  2  3  4  5  6 |
---------------+-------------------+-----
Crossbows      | 5 6 |  6.0
Dodging        | 3 4 5 |  5.4
Fighting       | 3 |  3.9
Stealth        | 2 |  2.0

Action                   |  1- 3 |  4- 6 || total
-------------------------+-------+-------++-------
Melee: Short sword       |    90 |   139 ||   229
 Fire: Hand crossbow     |    12 |    71 ||    83
 Stab: Sleeping          |    10 |     7 ||    17
       Distracted        |       |     1 ||     1
Armor: Leather armour    |    21 |    34 ||    55
Dodge: Dodged            |    72 |   142 ||   214
